 Dungeon Crawl Stone Soup version 0.20-a0-1122-gb7cbeb9 (webtiles) character file.

34 M4edhros the Sneak (level 3, -8/23 HPs)
             Began as an Octopode Artificer on May 13, 2017.
             Killed by nerve-wracking pain
             ... invoked by Menkaure
              (9 damage)
             ... on level 4 of the Dungeon.
             The game lasted 00:00:46 (950 turns).

M4edhros the Sneak (Octopode Artificer)              Turns: 950, Time: 00:00:48

Health: -8/23      AC:  1    Str: 11    XL:     3   Next: 31%
Magic:  5/5        EV: 13    Int: 13    God:
Gold:   67         SH:  0    Dex: 13    Spells: 2/2 levels left

rFire    . . .     SeeInvis .   l - +2 whip (drain)
rCold    . . .     Gourm    .   (no shield)
rNeg     . . .     Faith    .   (helmet restricted)
rPois    .         Spirit   .   (no amulet)
rElec    .         Reflect  .   (no ring)
rCorr    .         Harm     .   (no ring)
MR       .....                  (no ring)
Stlth    ++++......             (no ring)
Regen    0.1/turn               (no ring)
MPRegen  0.1/turn               (no ring)
                                (no ring)
                                (no ring)

@: no status effects
A: almost no armour, stealthy swim, amphibious, 8 rings, constrict 8, camouflage
1, gelatinous body 1
a: no special abilities


You were on level 4 of the Dungeon.
You were not hungry.

You visited 1 branch of the dungeon, and saw 4 of its levels.

You collected 67 gold pieces.

Inventory:

Hand Weapons
 a - a +0 short sword
 l - a +2 whip of draining (weapon)
Wands
 b - a wand of flame (14/48)
 c - a wand of enslavement (15/24)
 d - a wand of random effects (15/48)
Scrolls
 e - 2 scrolls of remove curse {unknown}
 g - a scroll of amnesia {unknown}
 i - a scroll of identify {unknown}
 j - 3 scrolls of teleportation {unknown}
 m - a scroll of immolation {unknown}
Potions
 h - 2 potions of curing {unknown}
Comestibles
 f - 3 bread rations
 k - a fruit


   Skills:
 - Level 1.0 Fighting
 - Level 1.0 Short Blades
 - Level 2.0 Dodging
 + Level 4.5 Stealth
 - Level 3.2 Evocations


You had 2 spell levels left.
You didn't know any spells.

Dungeon Overview and Level Annotations

Branches:
Dungeon (4/15)
 Temple: D:4-7

Altars:

Annotations:
D:4 Menkaure


Innate Abilities, Weirdness & Mutations

You cannot wear most types of armour.
You are very stealthy in the water. (Stealth+)
You are amphibious.
You can wear up to eight rings at the same time.
You can use your tentacles to constrict eight enemies at once.
Your skin changes colour to match your surroundings (Stealth+).
Your rubbery body absorbs attacks. (AC +1, EV +1)


Message History

Unknown command.
Menkaure is nearby!
You hit Menkaure. You grab Menkaure.
Menkaure is heavily damaged.
You constrict Menkaure.
Menkaure calls on the powers of darkness!
Your body is wracked with pain!
Menkaure hits you!
Ouch! That really hurt!
* * * LOW HITPOINT WARNING * * *
Evoke which item? (* to show all) (? for menu, Esc to quit)
Aiming: Throw Flame
Press: ? - help, Shift-Dir - straight line, f - Menkaure
Aim: Menkaure (heavily damaged, constricted by you, fast)
The puff of flame hits Menkaure.
Menkaure is burned terribly!
Menkaure is almost destroyed.
This wand has 14 charges left.
You constrict Menkaure, but do no damage.
Menkaure points at you and mumbles some strange words.
Pain shoots through your body!
You die...

#.^.....#.
........
#......
##.....##
#.......#
###..$....#
#.....!M[.#
#.[@..#
...###...##
#......###
#####[.<.#
#..##...#
#..# ##..#
#.# ..# #.
... #. ..


You could see Menkaure.

Vanquished Creatures
  An ooze (D:1)
  A worm (D:3)
  A leopard gecko (D:1)
  A ball python (D:4)
  A giant cockroach (D:1)
  A hobgoblin (D:1)
  4 bats (D:1)
  A frilled lizard (D:2)
  6 goblins
  7 kobolds
  3 rats (D:1)
27 creatures vanquished.

Notes
Turn   | Place    | Note
-------+----------+-------------------------------------------
     0 | D:1      | M4edhros the Octopode Artificer began the quest for the Orb.
     0 | D:1      | Reached XP level 1. HP: 13/13 MP: 3/3
    40 | D:1      | Reached skill level 2 in Stealth
   202 | D:1      | Reached XP level 2. HP: 13/18 MP: 4/4
   205 | D:1      | Reached skill level 3 in Stealth
   578 | D:1      | Reached skill level 4 in Stealth
   654 | D:1      | Reached XP level 3. HP: 23/23 MP: 5/5
   943 | D:4      | Noticed Menkaure
   949 | D:4      | HP: 1/23 [Menkaure (12)]
   950 | D:4      | Killed from afar by Menkaure

Vault maps used:
D:1:      dpeg_arrival_pits, minmay_statues_item
D:2:      first_bread
D:3:      serial_corexii_hall, corexii_hall_statues_t, corexii_hall_statues_s,
          corexii_hall_statues_l, corexii_hall_statues_l, minmay_snake_closets
D:4:      kennysheep_little_box, grunt_temple_overflow_magic_moments,
          uniq_menkaure, uniq_natasha, uniq_edmund

Skill      XL: |  1  2 |
---------------+-------+-----
Stealth        | 2 4 |  4.5
Fighting       | |  1.0
Short Blades   | |  1.0
Dodging        | |  2.0
Evocations     | |  3.2

Action                   || total
-------------------------++-------
Melee: Short sword       ||    30
       Constrict         ||    18
       Tentacles         ||     9
       Whip              ||    26
Evoke: Wand              ||     1
 Stab: Sleeping          ||     4
       Distracted        ||     1
Armor: Skin              ||     5
Dodge: Dodged            ||    45
